 Dungeon Crawl Stone Soup version 0.18-a0-1014-g3bbf375 (webtiles) character file.

169819 M4edhros the Unseen (level 17, -16/105 HPs)
             Began as an Octopode Artificer on Jan 5, 2016.
             Was a Follower of Fedhas.
             Hit by a large rock thrown by a stone giant (43 damage)
             ... created by the fury of Okawaru
             ... on level 2 of the Orcish Mines on Jan 6, 2016.
             The game lasted 02:37:31 (41322 turns).

M4edhros the Unseen (Octopode Artificer)           Turns: 41322, Time: 02:37:31

Health: -16/105    AC: 12    Str: 12    XL:     17   Next: 98%
Magic:  20/25      EV: 23    Int: 23    God:    Fedhas [*.....]
Gold:   1880       SH: 19    Dex: 18    Spells: 7 memorised, 2 levels left

rFire  + + .     SeeInvis .     i - +9 mace of Inquiry {pain, +Inv Int+4}
rCold  + . .     Gourm    .     a - +1 large shield of Generosity {-Tele rC+ rN+ Regen+}
rNeg   + + .     Faith    .     t - +2 hat
rPois  +         Spirit   .     A - amulet of dismissal
rElec  .         Dismiss  +     N - ring of flight
rCorr  .         Reflect  .     Y - ring of positive energy
SustAt .         Harm     .     o - +4 ring of protection
MR     ++...     Rnd*Rage +     G - ring of fire
Stlth  +++++++++. NoTele   +    l - ring of wizardry
                                k - ring of stealth
                                x - ring of protection from fire
                                b - +5 ring of dexterity

@: very slightly contaminated, slowed, drained, very slow, very resistant to
hostile enchantments, incredibly stealthy
A: almost no armour, amphibious, 8 rings, constrict 8, repulsion field 1, icy
blue scales 1, iridescent scales 1, camouflage 1, berserk 2, cold resistance 1,
dopey 1, magic resistance 1, poison resistance, strong 1, gelatinous body 1,
MP-powered wands
a: Evolution, Renounce Religion, Evoke Invisibility, Evoke Flight


You were on level 2 of the Orcish Mines.
You worshipped Fedhas.
Fedhas was aware of your devotion.
You were very hungry.

You visited 8 branches of the dungeon, and saw 31 of its levels.
You also visited: Labyrinth, Sewer and Ossuary.

You collected 2671 gold pieces.
You spent 791 gold pieces at shops.

Inventory:

Hand Weapons
 i - the +9 mace of Inquiry (weapon) {pain, +Inv Int+4}
   (You found it on level 2 of the Lair of Beasts)

   In the hands of one skilled in necromantic magic, it inflicts extra damage on
   living creatures.
   It affects your intelligence (+4).
   It lets you turn invisible.
 v - a +8 hunting sling of flaming
 y - a +3 rapier of venom
 P - a +1 dagger of protection
 R - a +5 blowgun
Missiles
 d - 5 poisoned sling bullets
 r - 48 stones (quivered)
 B - 71 sling bullets
 C - 24 exploding sling bullets
 D - 16 steel sling bullets
 F - 7 curare-tipped needles
 J - 45 sling bullets of frost
Armour
 a - the +1 large shield of Generosity (worn) {-Tele rC+ rN+ Regen+}
   (You found it on level 5 of the Dungeon)

   It protects you from cold.
   It protects you from negative energy.
   It prevents most forms of teleportation.
   It increases your rate of regeneration.
 t - a +2 hat (worn)
Jewellery
 b - a +5 ring of dexterity (on tentacle)
 k - a ring of stealth (on tentacle)
 l - a ring of wizardry (on tentacle)
 o - a +4 ring of protection (on tentacle)
 x - a ring of protection from fire (on tentacle)
 A - an amulet of dismissal (around mantle)
 G - a ring of fire (on tentacle)
 N - a ring of flight (left tentacle)
 Y - a ring of positive energy (right tentacle)
Wands
 q - a wand of enslavement (0/24)
 s - a wand of heal wounds (3/9)
 K - a wand of slowing (5/48)
 S - a wand of lightning (5/15)
 U - a wand of polymorph (7/24)
Scrolls
 e - 2 scrolls of blinking
 g - 13 scrolls of teleportation
 j - a scroll of identify
 u - 4 scrolls of fog
 H - 7 scrolls of magic mapping
Potions
 n - a potion of resistance
 w - 8 potions of heal wounds
Comestibles
 f - 19 bread rations
 E - 3 beef jerkies
 V - 28 fruits
 X - a royal jelly


   Skills:
 - Level 6.0(5.8) Fighting
 - Level 1.0(0.8) Short Blades
 - Level 12.4(12.2) Slings
 - Level 14.2(13.9) Dodging
 - Level 17.8(17.6) Stealth
 * Level 13.6(13.4) Shields
 - Level 4.7(4.5) Spellcasting
 - Level 7.7(7.5) Transmutations
 - Level 4.6(4.5) Earth Magic
 - Level 10.9(10.7) Evocations


You had 2 spell levels left.
You knew the following spells:

 Your Spells              Type           Power        Failure   Level  Hunger
a - Apportation           Tloc           #.........   21%         1    None
b - Statue Form           Trmt/Erth      ####.....    99%         6    #######
c - Repel Missiles        Chrm/Air       #.....       38%         2    None
d - Haste                 Chrm           #.......     100%        6    #######
e - Mephitic Cloud        Conj/Pois/Air  #.......     71%         3    ##.....
f - Regeneration          Chrm/Necr      #.........   71%         3    ##.....
g - Swiftness             Chrm/Air       #.......     38%         2    None


Dungeon Overview and Level Annotations

Branches:
Dungeon (15/15)            Temple (1/1) D:5            Lair (8/8) D:9
  Swamp (2/4) Lair:5        Snake (1/4) Lair:3        Slime (1/6) Lair:8
    Orc (2/2) D:9             Elf (0/3) Orc:2        Vaults (0/5) D:14
 Depths (1/5) D:15

Altars:
Ashenzari
Cheibriados
Dithmenos
Elyvilon
Fedhas
Gozag
Kikubaaqudgha
Makhleb
Nemelex Xobeh
Okawaru
Pakellas
Qazlal
Ru
Sif Muna
Trog
Vehumet
Xom
Yredelemnul
Zin
The Shining One
Beogh

Shops:
D:5 ?   D:7 [[?%   D:9 *}?*[   D:12 !   Orc:2 !%

Portals:
Trove: D:10 (give 11 potions of heal wounds)

Annotations:
Snake:1 Agnes


Innate Abilities, Weirdness & Mutations

You cannot wear most types of armour.
You are amphibious.
You can wear up to eight rings at the same time.
You can use your tentacles to constrict eight enemies at once.
Your skin changes colour to match your surroundings (Stealth).
Your rubbery body absorbs attacks (AC +1).
You are surrounded by a mild repulsion field (EV +2).
You are partially covered in icy blue scales (AC +1).
You are partially covered in iridescent scales (AC +4).
You often lose your temper in combat.
Your flesh is cold resistant.
You are dopey. (Int -2)
You are resistant to hostile enchantments.
Your system is resistant to poisons.
Your muscles are strong. (Str +2)
You expend magic power (3 MP) to strengthen your wands.


Message History

This wand has 6 charges left.
You block the stone giant's attack. The centaur warrior hits you.
You block the stone giant's attack. You block the stone giant's attack.
The centaur warrior hits you but does no damage.
Evoke which item? (* to show all) (? for menu, Esc to quit)
Zapping:
K - a wand of slowing (6/48)
Press: ? - help, Shift-Dir - straight line, f/p - centaur warrior
Aim: a centaur warrior (durably summoned, chance to defeat MR: 69%)
The centaur warrior seems to slow down.
This wand has 5 charges left.
The stone giant completely misses you. The stone giant misses you.
The centaur warrior hits you!
* * * LOW HITPOINT WARNING * * *
The translocation field surrounding you vibrates and the centaur warrior disappears!
The stone giant closely misses you. You block the stone giant's attack.
The stone giant throws a large rock.
You block the large rock.
The large rock disappears in a puff of smoke!
The stone giant throws a large rock.
The large rock hits you!!!
You die...
Fedhas appreciates your contribution to the ecosystem.

......# #####....##
..#...###..###....#
..##..##....#.....##
.......##..##......#
...#...##.........##
....#...##........#
.......[##....<..##
#......#......CC..##
........))......@..#
.[................##
...(...(..........#
#...[)............##
....[.....)........#
...[[...#.........##
..............[...##
#.o..........[.....#
#............<....##


You could see 2 stone giants.

Vanquished Creatures
  Nikola (Swamp:1)
  Rupert (Lair:8)
  Kirke (Lair:6)
  Louise (Snake:1)
  4 vault guards (D:14)
  A minotaur (Lab)
  Josephine (D:10)
  Erolcha (D:12)
  11 hydras
  3 centaur warriors (D:13)
  An anaconda (Snake:1)
  An alligator (Swamp:1)
  An ogre mage (D:15)
  2 tengu warriors
  9 death yaks (D:13)
  A shock serpent (Snake:1)
  2 soul eaters (Orc:2)
  A naga sharpshooter (Snake:1)
  An iron troll (D:15)
  A deep troll (D:15)
  2 unseen horrors
  4 hill giants
  3 swamp dragons (Swamp:1)
  4 orc knights
  A necromancer (D:15)
  A mana viper (Snake:1)
  A hornet (Swamp:2)
  2 cyclopes
  5 griffons
  2 orc sorcerers
  23 ugly things
  4 deep elf magi
  7 elephants
  20 black mambas
  2 eyes of devastation (Slime:1)
  3 naga magi (Snake:1)
  2 gargoyles
  A guardian serpent (Lair:8)
  Joseph (D:7)
  4 centaur skeletons
  24 spiny frogs
  3 yaktaurs (D:15)
  17 komodo dragons
  A fire drake (Lair:8)
  2 kobold demonologists
  The ghost of M4edhros the Covert, a novice OpAr of Ru (D:7)
  A demonic crawler (D:14)
  A tengu conjurer (D:14)
  6 trolls
  A jumping spider (shapeshifter) (D:14)
  A polar bear (Lair:7)
  4 two-headed ogres
  A harpy zombie (D:15)
  A giant leech (Swamp:1)
  2 harpy skeletons (D:15)
  11 slime creatures
  19 blink frogs
  2 shadows (Swamp:1)
  A trapdoor spider (D:14)
  3 fire elementals (D:14)
  51 yaks
  A spriggan (Swamp:1)
  2 humans (D:13)
  A vampire (D:15)
  6 wyverns
  8 wraiths
  3 basilisks
  14 hippogriffs
  3 hogs
  5 hungry ghosts
  4 fire bats (D:11)
  14 vampire mosquitoes
  Menkaure (D:7)
  7 wolves
  8 nagas
  3 hell hounds
  6 swamp worms (Swamp:1)
  Duvessa (D:6)
  A hornet simulacrum (D:15)
  24 water moccasins
  14 porcupines
  7 ice beasts
  20 orc warriors
  4 sky beasts
  4 black bears
  4 phantoms
  2 swamp drakes (Swamp:1)
  An eye of draining (Lair:8)
  11 wasps
  A necrophage (D:9)
  14 ogres
  11 centaurs
  18 crocodiles
  2 elf zombies (D:7)
  3 wyvern zombies
  2 elf skeletons (D:7)
  25 giant frogs
  A wyvern skeleton (D:11)
  A gnoll sergeant (D:7)
  3 water moccasin zombies (Ossuary)
  A scorpion (D:6)
  10 killer bees
  12 wights
  An electric eel (Lair:5)
  5 crimson imps
  2 lava snakes (D:11)
  4 bog bodies
  7 centaur zombies
  4 giant frog zombies
  8 jellies
  3 giant frog skeletons
  19 orc priests
  20 orc wizards
  Crazy Yiuf (D:2)
  6 hounds
  A human skeleton (D:7)
  11 iguanas
  16 worker ants
  18 sheep
  4 hound zombies
  8 mummies (Ossuary)
  2 hound skeletons
  3 worker ant zombies
  15 gnolls
  25 adders
  107 river rats
  5 shadow imps
  6 oozes
  7 adder zombies
  2 adder skeletons
  3 worms (D:2)
  6 giant geckos
  104 orcs
  6 giant cockroaches
  7 goblins
  7 hobgoblins
  17 jackals
  12 quokkas
  11 ball pythons
  4 bats
  2 giant cockroach zombies
  7 giant newts
  3 kobolds
  6 orc skeletons (D:7)
  2 quokka skeletons
  2 quokka zombies (Ossuary)
  25 rats
  2 fungi (Lair:8)
  3 plants
1112 creatures vanquished.

Vanquished Creatures (collateral kills)
  2 swamp dragons (Swamp:1)
  A wolf spider (Lair:8)
  A kobold demonologist (D:15)
  3 vampire mosquitoes (Swamp:1)
  3 insubstantial wisps (Swamp:1)
  2 water moccasins (Lair:8)
  2 adders
  A giant gecko (D:3)
  A bat (D:3)
  A giant cockroach (D:3)
  2 goblins (D:3)
  A hobgoblin (D:2)
  3 ball pythons (Sewer)
  A kobold (D:3)
24 creatures vanquished.

Vanquished Creatures (others)
  2 fire giants (Orc:1)
  A deep troll shaman (D:15)
  A deep elf mage (D:9)
  An ugly thing (D:15)
  A wizard (D:15)
  A centaur skeleton (D:15)
  A redback (Lair:8)
  3 humans (D:13)
  A naga (D:9)
  An orc warrior (Orc:2)
  An orc wizard (D:10)
  An adder (D:2)
  A river rat (D:4)
  4 orcs (D:10)
  3 fire vortices (D:11)
  27 fungi
  8 plants
  34 toadstools
  A withered plant (Ossuary)
93 creatures vanquished.

Grand Total: 1229 creatures vanquished

Notes
Turn   | Place    | Note
--------------------------------------------------------------
     0 | D:1      | M4edhros the Octopode Artificer began the quest for the Orb.
     0 | D:1      | Reached XP level 1. HP: 13/13 MP: 3/3
    74 | D:1      | Reached XP level 2. HP: 18/18 MP: 4/4
   659 | D:1      | Reached XP level 3. HP: 23/23 MP: 5/5
  1120 | D:2      | Reached skill level 4 in Evocations
  1228 | D:2      | Found a basalt altar of Yredelemnul.
  1877 | D:3      | Noticed an ogre
  1883 | D:3      | Reached XP level 4. HP: 13/28 MP: 7/7
  1899 | D:3      | Noticed a water moccasin
  2103 | D:4      | Found a bloodstained altar of Trog.
  2166 | D:5      | Entered Level 5 of the Dungeon
  2168 | D:5      | Found a staircase to the Ecumenical Temple.
  2177 | Temple   | Entered the Ecumenical Temple
  2309 | Temple   | Became a worshipper of Warmaster Okawaru
  2379 | D:4      | Found a glowing drain.
  2419 | Sewer    | Entered a sewer
  2698 | Sewer    | Reached XP level 5. HP: 20/33 MP: 8/8
  3329 | Sewer    | Learned a level 1 spell: Apportation
  3721 | Sewer    | Reached skill level 1 in Slings
  3721 | Sewer    | Reached XP level 6. HP: 14/38 MP: 9/9
  4026 | Sewer    | Reached * piety under Okawaru
  4026 | Sewer    | Reached skill level 5 in Stealth
  4859 | D:2      | Noticed Crazy Yiuf
  4864 | D:2      | Killed Crazy Yiuf
  4989 | D:2      | Reached XP level 7. HP: 43/43 MP: 10/10
  5003 | D:2      | Found a burning altar of Makhleb.
  5005 | D:2      | Found a radiant altar of Vehumet.
  5309 | D:3      | Reached skill level 5 in Dodging
  5441 | D:3      | Reached skill level 6 in Stealth
  5954 | D:4      | Reached skill level 5 in Evocations
  7123 | D:4      | Reached skill level 7 in Stealth
  7123 | D:4      | Reached XP level 8. HP: 48/48 MP: 11/11
  7158 | D:5      | Found a radiant altar of Vehumet.
  7547 | D:5      | Got a bloodstained large shield
  7553 | D:5      | Identified the +1 large shield of Generosity {-Tele rC+ rN+ Regen+} (You found it on level 5 of the Dungeon)
  7590 | D:5      | Found Aseacs's Magic Scroll Boutique.
  7954 | D:6      | Reached ** piety under Okawaru
  7992 | D:6      | Noticed Dowan
  7993 | D:6      | Noticed Duvessa
  8164 | D:6      | Reached skill level 8 in Stealth
  8622 | D:6      | Reached skill level 5 in Slings
  8629 | D:6      | Reached XP level 9. HP: 53/53 MP: 13/13
  8671 | D:6      | Killed Duvessa
  8671 | D:6      | Reached *** piety under Okawaru
  8675 | D:6      | Noticed Dowan
  8675 | D:6      | Dowan changed into Dowan the giant frog
  8678 | D:6      | Killed Dowan the giant frog
  8678 | D:6      | Reached skill level 9 in Stealth
  9034 | D:7      | Reached skill level 1 in Shields
  9047 | D:7      | Found Fack's Armour Shop.
  9166 | D:7      | Found a sand-covered staircase.
  9192 | Ossuary  | Entered an ossuary
  9344 | Ossuary  | Reached **** piety under Okawaru
  9698 | D:7      | Reached skill level 10 in Stealth
  9720 | D:7      | Noticed Menkaure
  9727 | D:7      | Killed Menkaure
  9748 | D:7      | Noticed M4edhros's ghost (novice OpAr)
  9799 | D:7      | Killed M4edhros's ghost
  9799 | D:7      | Reached XP level 10. HP: 58/58 MP: 13/15
  9909 | D:7      | Found Ixadoid's Antique Armour Shoppe.
  9953 | D:7      | Found Icuvixus's Magic Scroll Shoppe.
  9978 | D:7      | Reached ***** piety under Okawaru
 10108 | D:5      | Bought 2 scrolls of enchant weapon for 225 gold pieces
 10232 | D:7      | Noticed Joseph
 10282 | D:7      | Killed Joseph
 10397 | D:7      | Found a deep blue altar of Sif Muna.
 10411 | D:7      | Identified Sif Muna's Guide on Orientation
 10656 | D:7      | Found Locs's Food Shoppe.
 10867 | D:7      | Found Nump's General Store.
 11523 | D:8      | Reached skill level 11 in Stealth
 11889 | D:9      | Noticed a brown ugly thing
 11901 | D:9      | Killed a brown ugly thing
 11901 | D:9      | Reached skill level 5 in Shields
 11913 | D:9      | Received a gift from Okawaru
 11940 | D:9      | Found a roughly hewn altar of Beogh.
 11940 | D:9      | Found a staircase to the Orcish Mines.
 11978 | D:9      | Found Zeysm's Magic Scroll Boutique.
 11995 | D:9      | Bought a scroll of enchant weapon for 90 gold pieces
 12021 | D:9      | Found Xaoxixis's Antique Armour Emporium.
 12152 | D:9      | Found a staircase to the Lair.
 12383 | D:9      | Received a gift from Okawaru
 12530 | D:9      | Found Zeutz's Assorted Antiques.
 12636 | D:9      | Noticed a cyclops
 12644 | D:9      | Killed a cyclops
 12644 | D:9      | Reached XP level 11. HP: 40/63 MP: 16/16
 12713 | D:9      | Received a gift from Okawaru
 12730 | D:9      | Got a crude longbow {god gift}
 12854 | D:9      | Found Zatota's General Store.
 13004 | D:9      | Found Puesina's Gadget Shop.
 13088 | D:9      | Found a sacrificial altar of Ru.
 13092 | D:9      | Found a snail-covered altar of Cheibriados.
 13097 | D:9      | Found a shimmering altar of Xom.
 13403 | D:10     | Entered Level 10 of the Dungeon
 13460 | D:10     | Identified the +3 longbow of the Evening {speed, MR+} (Okawaru gifted it to you on level 9 of the Dungeon)
 13657 | D:10     | Reached skill level 12 in Stealth
 13672 | D:10     | Noticed Josephine
 13685 | D:10     | Killed Josephine
 13893 | D:10     | Reached ****** piety under Okawaru
 14026 | D:10     | Received a gift from Okawaru
 14284 | D:10     | Found a stormy altar of Qazlal.
 14329 | D:10     | Found a portal to a secret trove of treasure.
 14452 | D:10     | Received a gift from Okawaru
 14528 | D:10     | Identified a scroll of acquirement
 15508 | D:11     | Noticed a hill giant
 15526 | D:11     | Killed a hill giant
 15886 | D:11     | Noticed a hill giant
 15905 | D:11     | Killed a hill giant
 16005 | D:11     | Reached XP level 12. HP: 33/68 MP: 18/18
 16287 | D:11     | Reached skill level 10 in Dodging
 16287 | D:11     | Reached skill level 13 in Stealth
 16806 | D:12     | Noticed Erolcha
 17181 | D:12     | Killed Erolcha
 17366 | D:12     | Found Teagref's Distillery.
 17374 | D:12     | Bought a potion of poison for 14 gold pieces
 17497 | D:13     | Noticed an eight-headed hydra
 17578 | D:13     | Noticed a tengu warrior
 17586 | D:13     | Killed an eight-headed hydra
 17591 | D:13     | Killed a tengu warrior
 17612 | D:13     | Noticed a centaur warrior
 17703 | Lair:1   | Entered Level 1 of the Lair of Beasts
 17706 | Lair:1   | Gained mutation: You are partially covered in icy blue scales (AC +1). [potion of mutation]
 17706 | Lair:1   | Gained mutation: Your magical capacity is low (-10% MP). [potion of mutation]
 17707 | Lair:1   | Lost mutation: Your magical capacity is low (-10% MP). [potion of cure mutation]
 17707 | Lair:1   | Lost mutation: You are partially covered in icy blue scales (AC +1). [potion of cure mutation]
 17715 | Lair:1   | Reached skill level 10 in Slings
 17963 | Lair:1   | Received a gift from Okawaru
 18090 | Lair:1   | Reached skill level 14 in Stealth
 18117 | Lair:1   | Received a gift from Okawaru
 18262 | Lair:1   | Gained mutation: You are weak. (Str -2) [potion of mutation]
 18262 | Lair:1   | Gained mutation: Your mind is acute. (Int +2) [potion of mutation]
 18262 | Lair:1   | Gained mutation: You occasionally shout uncontrollably at your foes. [potion of mutation]
 18422 | Lair:1   | Reached XP level 13. HP: 77/77 MP: 19/19
 18558 | Lair:1   | Received a gift from Okawaru
 18559 | Lair:1   | Got a spiked buckler {god gift}
 18570 | Lair:1   | Identified the -3 buckler "Lade Eggugi" {rPois Int-3 Dex+8 SInv} (Okawaru gifted it to you on level 1 of the Lair of Beasts)
 19486 | Lair:2   | You fall through a shaft for 2 floors!
 19780 | Lair:3   | You fall through a shaft for 3 floors!
 20291 | Lair:6   | Noticed Kirke
 20836 | Lair:5   | Found a staircase to the Swamp.
 21518 | Lair:4   | Reached skill level 15 in Stealth
 21705 | Lair:4   | Received a gift from Okawaru
 21706 | Lair:4   | Got a jewelled shield {god gift}
 21717 | Lair:4   | Identified the +4 shield "Tocs" {rElec rC- MR+} (Okawaru gifted it to you on level 4 of the Lair of Beasts)
 22982 | Lair:3   | Found a staircase to the Snake Pit.
 23576 | Lair:3   | Reached XP level 14. HP: 86/86 MP: 21/21
 23968 | Lair:2   | Gained mutation: Your body sometimes deteriorates upon taking damage. [potion of mutation]
 23968 | Lair:2   | Gained mutation: You are resistant to electric shocks. [potion of mutation]
 23968 | Lair:2   | Gained mutation: You expend magic power (3 MP) to strengthen your wands. [potion of mutation]
 23969 | Lair:2   | Lost mutation: Your body sometimes deteriorates upon taking damage. [potion of cure mutation]
 23969 | Lair:2   | Lost mutation: Your mind is acute. (Int +2) [potion of cure mutation]
 23969 | Lair:2   | Lost mutation: You are weak. (Str -2) [potion of cure mutation]
 24381 | Lair:2   | Got a bloodstained mace
 24382 | Lair:2   | Identified the +9 mace of Inquiry {pain, +Inv Int+4} (You found it on level 2 of the Lair of Beasts)
 24753 | Lair:2   | Reached skill level 5 in Fighting
 25214 | Lair:6   | Reached skill level 10 in Shields
 26007 | Lair:6   | Killed Kirke
 27200 | Lair:8   | Entered Level 8 of the Lair of Beasts
 27315 | Lair:8   | Reached skill level 16 in Stealth
 27396 | Lair:8   | Paralysed by a wasp for 1 turns
 27418 | Lair:8   | Received a gift from Okawaru
 27651 | Lair:8   | Noticed Rupert
 27667 | Lair:8   | Paralysed by Rupert for 4 turns
 27866 | Lair:8   | Killed Rupert
 28593 | Lair:8   | Found a staircase to the Slime Pits.
 29078 | Lair:8   | Reached XP level 15. HP: 94/94 MP: 22/22
 29201 | Lair:8   | Gained mutation: Scrolls take you a little longer to read. [mutagenic meat]
 29202 | Lair:8   | Gained mutation: You are partially covered in icy blue scales (AC +1). [mutagenic meat]
 29203 | Lair:8   | Lost mutation: You occasionally shout uncontrollably at your foes. [mutagenic meat]
 30085 | D:9      | Bought a runed blowgun for 70 gold pieces
 30085 | D:9      | Bought a notched ruby ring for 140 gold pieces
 30085 | D:9      | Bought 2 potions of mutation for 140 gold pieces
 30098 | D:9      | Gained mutation: Your system is resistant to poisons. [potion of mutation]
 30098 | D:9      | Gained mutation: You are resistant to hostile enchantments. [potion of mutation]
 30099 | D:9      | Gained mutation: You are highly resistant to hostile enchantments. [potion of mutation]
 30099 | D:9      | Gained mutation: Your mind is acute. (Int +2) [potion of mutation]
 30175 | D:9      | Reached skill level 10 in Evocations
 30324 | D:5      | Bought a scroll of enchant weapon for 112 gold pieces
 30797 | D:13     | Received a gift from Okawaru
 31022 | D:13     | Received a gift from Okawaru
 31022 | D:13     | Reached skill level 17 in Stealth
 31222 | D:13     | Received a gift from Okawaru
 31972 | D:14     | Received a gift from Okawaru
 32000 | D:14     | Gained mutation: You tend to lose your temper in combat. [mutagenic meat]
 32001 | D:14     | Lost mutation: You are resistant to electric shocks. [mutagenic meat]
 32002 | D:14     | Gained mutation: Your flesh is heat resistant. [mutagenic meat]
 32003 | D:14     | Gained mutation: You often lose your temper in combat. [mutagenic meat]
 32004 | D:14     | Gained mutation: Your flesh is very heat resistant. [mutagenic meat]
 32068 | D:14     | Found a gate to the Vaults.
 32260 | D:14     | Noticed Azrael
 32262 | D:14     | Noticed Azrael
 32262 | D:14     | Azrael changed into Azrael the demonic crawler
 32409 | D:13     | Lost mutation: Scrolls take you a little longer to read. [mutagenic meat]
 32507 | D:14     | Found a sparkling altar of Nemelex Xobeh.
 32692 | D:14     | Gained mutation: You are partially covered in iridescent scales (AC +4). [potion of beneficial mutation]
 32787 | D:14     | Lost mutation: Your flesh is very heat resistant. [mutagenic meat]
 32788 | D:14     | Lost mutation: You are highly resistant to hostile enchantments. [mutagenic meat]
 32790 | D:14     | Gained mutation: Your flesh is cold resistant. [mutagenic meat]
 32794 | D:14     | Gained mutation: Your body sometimes deteriorates upon taking damage. [mutagenic meat]
 32796 | D:14     | Lost mutation: Your flesh is heat resistant. [mutagenic meat]
 32847 | D:14     | Killed Azrael the demonic crawler
 33311 | D:15     | Entered Level 15 of the Dungeon
 33311 | D:15     | Found a labyrinth entrance.
 33329 | Lab      | Entered a labyrinth
 33646 | Lab      | Received a gift from Okawaru
 34290 | Lab      | Reached XP level 16. HP: 97/99 MP: 9/24
 34304 | Lab      | Identified the Guide on Stones and Transmutation
 34317 | Lab      | Learned a level 6 spell: Statue Form
 34328 | Lab      | Identified the Handbook of Creative Enhancements
 34334 | Lab      | Identified the Compendium of Displaced Aid
 34339 | Lab      | Learned a level 2 spell: Repel Missiles
 34346 | Lab      | Learned a level 6 spell: Haste
 34386 | D:15     | Reached skill level 5 in Transmutations
 34386 | D:15     | Reached XP level 17. HP: 105/105 MP: 25/25
 34407 | D:15     | Gained mutation: You are surrounded by a mild repulsion field (EV +2). [mutagenic meat]
 34524 | D:15     | Reached skill level 1 in Spellcasting
 34527 | D:15     | Reached skill level 1 in Earth Magic
 34578 | D:15     | Gained mutation: Your muscles are strong. (Str +2) [mutagenic meat]
 34579 | D:15     | Lost mutation: Your mind is acute. (Int +2) [mutagenic meat]
 34580 | D:15     | Lost mutation: Your body sometimes deteriorates upon taking damage. [mutagenic meat]
 35064 | D:15     | Found a sparkling altar of Nemelex Xobeh.
 35233 | D:15     | Found a staircase to the Depths.
 35452 | D:15     | Upgraded the game from 0.18-a0-998-gcb3fcb1 to 0.18-a0-1014-g3bbf375
 35486 | Depths:1 | Entered Level 1 of the Depths
 35736 | D:11     | Identified the Incunabulum of Arcane Weapons (You found it on level 11 of the Dungeon)
 35741 | D:11     | Learned a level 3 spell: Mephitic Cloud
 35745 | D:11     | Learned a level 3 spell: Regeneration
 36054 | Swamp:1  | Entered Level 1 of the Swamp
 36168 | Swamp:1  | Noticed Nikola
 36185 | Swamp:1  | Killed Nikola
 36185 | Swamp:1  | Received a gift from Okawaru
 37226 | Swamp:2  | Learned a level 2 spell: Swiftness
 37459 | Snake:1  | Entered Level 1 of the Snake Pit
 37465 | Snake:1  | Noticed Louise
 37488 | Snake:1  | Gained mutation: You are dopey. (Int -2) [mutagenic glow]
 37496 | Snake:1  | Killed Louise
 37845 | Snake:1  | Noticed Agnes
 38174 | Slime:1  | Entered Level 1 of the Pits of Slime
 38381 | Slime:1  | Noticed an acid blob
 39213 | Temple   | Fell from the grace of Okawaru
 39213 | Temple   | Became a worshipper of Fedhas Madash
 39603 | D:9      | Noticed a titan
 39872 | Orc:1    | Entered Level 1 of the Orcish Mines
 39896 | Orc:1    | Found a roughly hewn altar of Beogh.
 40011 | Orc:2    | Entered Level 2 of the Orcish Mines
 40128 | Orc:2    | Reached * piety under Fedhas
 40235 | Orc:2    | Found a staircase to the Elven Halls.
 40555 | Orc:2    | Found Otiax's Distillery.
 40556 | Orc:2    | Found Bievos's Food Boutique.
 41211 | Orc:2    | HP: 5/105 [orange demon (13)]
 41301 | Orc:1    | Noticed a titan
 41301 | Orc:1    | Noticed a deep elf master archer
 41322 | Orc:2    | Hit by a large rock thrown by a stone giant

Vault maps used:
D:1:      saegor_arrival_fortress
D:2:      minitemple, yredelemnul_altar_generic, first_bread,
          uniq_crazy_yiuf_cottage
D:4:      overflow_temple_1_default, portal_sewer_entry_c, minmay_crystal_room,
          minmay_misc_feat_iff, kennysheep_generic_room_11
D:5:      minmay_temple_entry_large_hall, serial_shops, nicolae_shop_crystal,
          minmay_statues_item, vehumet_altar_wand_db
D:6:      uniq_duvessa
D:7:      led_sif_book, serial_shops, shop, nicolae_shop_waterfront, shop,
          kennysheep_mini_moat, nicolae_shop_window_shopping,
          nicolae_ossuary_entry_catacombs, uniq_menkaure, uniq_joseph
D:8:      grunt_ogre_cave
D:9:      minmay_overflow_temple_star_quad, lair_0_dummy, david_orc_5,
          serial_shops, nicolae_shop_competitors_out_of_business, shop,
          nicolae_shop_waterfront, shop, shop
D:10:     enter_trove_6, kennysheep_nondescript,
          nicolae_qazlal_eye_of_the_storm, uniq_josephine
D:11:     hangedman_incinerator
D:12:     serial_shops, shop, uniq_erolcha
D:13:     slaughterhouse
D:14:     lightli_vaults_fourway_checkpoint, nicolae_wwwww, nemelex_deck,
          uniq_azrael
D:15:     grunt_enter_depths_magical_seal, minmay_misc_feat_roman, basic_altar,
          lab_entry_generic
Temple:   oiseaux_autumnal_temple_12
Lair:1:   st_stairs_12, beast_lair_carwin_6
Lair:2:   minmay_lair_oklob_items
Lair:3:   guppyfry_snake_entry_garden, lemuel_fruit_tree
Lair:4:   grunt_megastairs_5
Lair:5:   minmay_swamp_entry_swarm
Lair:6:   grunt_megastairs_1, serial_bayou_shore_a, uniq_kirke
Lair:7:   grunt_megastairs_2
Lair:8:   hangedman_lair_tendril_chambers, nicolae_slime_entry_slimehenge,
          infiniplex_staircase_pool_2, uniq_rupert
Swamp:1:  hangedman_swamp_ruin_hall, uniq_nikola
Swamp:2:  evilmike_swamp_ruin_house_2, uniq_roxanne
Snake:1:  uniq_agnes, uniq_louise
Orc:1:    basic_altar, bh_open_orc_temple
Orc:2:    pf_orc_diabolical
Depths:1: hangedman_coc_ice_floe, item_on_display_a, kennysheep_random_hallway,
          uniq_enchantress
Lab:      nicolae_lab_dead_adventurers, nicolae_lab_hexagon
Sewer:    sewer_minmay_w
Ossuary:  ossuary_zaba_flooded

Action                   |  1- 3 |  4- 6 |  7- 9 | 10-12 | 13-15 | 16-18 || total
-------------------------+-------+-------+-------+-------+-------+-------++-------
Melee: Short sword       |    64 |   126 |    68 |    91 |   137 |       ||   486
       Hand crossbow     |    33 |       |       |       |       |       ||    33
       Flail             |       |       |   143 |    26 |       |       ||   169
       Dagger            |       |       |    70 |    99 |    34 |   228 ||   431
       Hunting sling     |       |       |       |     6 |     8 |     1 ||    15
       Rapier            |       |       |       |       |    88 |   172 ||   260
       Mace              |       |       |       |       |       |   383 ||   383
 Fire: Hunting sling     |       |    96 |   237 |   887 |  2290 |   399 ||  3909
       Blowgun           |       |       |       |       |       |    14 ||    14
Throw: Stone             |    10 |       |       |       |       |       ||    10
Invok: Heroism           |       |       |     1 |     1 |    10 |     3 ||    15
 Abil: Evoke Teleportati |       |       |       |       |     1 |       ||     1
       Evoke Invisibilit |       |       |       |       |       |    10 ||    10
Evoke: Wand              |     9 |    15 |    20 |    22 |    38 |    27 ||   131
  Use: Scroll            |     8 |     4 |     7 |     9 |    14 |     7 ||    49
       Potion            |     3 |       |     4 |    15 |    13 |    14 ||    49
 Stab: Sleeping          |    10 |     6 |    17 |    11 |     9 |    22 ||    75
       Distracted        |       |       |     4 |       |       |     2 ||     6
       Paralysed         |       |       |       |    10 |     1 |       ||    11
       Invisible         |       |       |       |       |       |    17 ||    17
  Eat: Chunk             |     2 |     9 |     7 |    23 |    45 |    13 ||    99
       Meat ration       |       |       |     2 |     2 |     5 |     2 ||    11
       Beef jerky        |       |       |       |     1 |     1 |     3 ||     5
       Royal jelly       |       |       |       |       |     1 |       ||     1
       Bread ration      |       |       |       |       |       |     2 ||     2
       Pizza             |       |       |       |       |       |     1 ||     1
